 Dungeon Crawl Stone Soup version 0.19-a0-922-gae50766 (webtiles) character file.

81 Loup the Sneak (level 4, 0/23 HPs)
             Began as a Vine Stalker Assassin on July 5, 2016.
             Killed by nerve-wracking pain
             ... invoked by Grinder
              (4 damage)
             ... on level 3 of the Dungeon.
             The game lasted 00:03:44 (1300 turns).

Loup the Sneak (Vine Stalker Assassin)              Turns: 1300, Time: 00:03:44

Health: 0/23       AC: 12    Str: 13    XL:     4   Next: 40%
Magic:  0/5        EV:  9    Int: 11    God:
Gold:   162        SH:  0    Dex: 17    Spells: 0 memorised, 3 levels left

rFire  . . .     SeeInvis .     a - +2 dagger
rCold  . . .     Gourm    .     q - +4 scale mail
rNeg   . . .     Faith    .     (no shield)
rPois  .         Spirit   +     (no helmet)
rElec  .         Dismiss  .     d - +0 cloak
rCorr  .         Reflect  .     (no gloves)
SustAt .         Harm     .     j - +0 pair of boots {Fly}
MR     .....                    (no amulet)
Stlth  ++........               (no ring)
                                (no ring)

@: flying, not resistant to hostile enchantments, unstealthy
A: fangs 2, regeneration 1, magic shield, antimagic bite, no device heal 3, rot
immunity
a: Stop Flying


You were on level 3 of the Dungeon.
You were not hungry.

You visited 1 branch of the dungeon, and saw 3 of its levels.

You collected 162 gold pieces.

Inventory:

Hand Weapons
 a - a +2 dagger (weapon)
 b - a +0 blowgun
Missiles
 e - 31 poisoned needles
 f - 2 curare-tipped needles
Armour
 d - a +0 cloak (worn)
 j - a +0 pair of boots of flying (worn)
 q - a +4 scale mail (worn)
Jewellery
 i - a cursed ring of positive energy {unknown}
 l - a +2 ring of protection {unknown}
 r - a +3 ring of protection {unknown}
Scrolls
 h - a scroll of teleportation {unknown}
 m - 3 scrolls of amnesia {unknown}
 o - a scroll of immolation
 p - a scroll of identify
 v - a scroll of remove curse {unknown}
 w - 3 scrolls of magic mapping {unknown}
Potions
 c - a potion of agility {unknown}
 s - a potion of heal wounds {unknown}
 t - a potion of invisibility {unknown}
 u - a potion of haste {unknown}
Comestibles
 g - a bread ration
 k - 4 fruits


   Skills:
 - Level 1.7 Fighting
 + Level 4.0 Short Blades
 - Level 1.7 Throwing
 - Level 0.7 Dodging
 - Level 5.0 Stealth


You had 3 spell levels left.
You didn't know any spells.

Dungeon Overview and Level Annotations

Branches:
Dungeon (3/15)

Altars:
Kikubaaqudgha
Pakellas

Annotations:
D:3 Grinder


Innate Abilities, Weirdness & Mutations

You have extremely sharp teeth.
Your natural rate of healing is unusually fast.
When hurt, damage is shared between your health and your magic reserves.
Your bite disrupts and absorbs the magic of your enemies.
Potions and wands cannot restore your health.
You are immune to rotting.


Message History

Grinder is moderately wounded.
Okay, then.
As you read the scroll labeled VULLESHUEW, it crumbles to dust.
It is a scroll of identify.
o - a scroll of immolation Grinder hits you but does no damage.
As you read the scroll labeled SUTE KOTSYSAET, it crumbles to dust.
The scroll dissolves into smoke.
It was a scroll of fog.
Grinder barely misses you.
You hit Grinder. Your bite misses Grinder.
Grinder is heavily wounded.
Grinder falters for a moment.
You barely miss Grinder. You bite Grinder, but do no damage.
Grinder is heavily wounded.
Grinder closely misses you.
You hit Grinder but do no damage.
Grinder is heavily wounded.
Grinder gestures at you. Pain shoots through your body!
You die...

#####
######...######
#......#.†....###
#.####...##.....#
#.#
######....§#######.#
###.#
#...@5§§§§§...#
....#
#....§#########
##### #.....#
#######


You could see Grinder.

Vanquished Creatures
  3 adders
  An ooze (D:3)
  2 worms
  A giant gecko (D:3)
  4 bats
  4 giant cockroaches
  4 goblins
  2 hobgoblins
  9 jackals
  4 kobolds
  5 giant newts
  2 rats
41 creatures vanquished.

Notes
Turn   | Place    | Note
-------+----------+-------------------------------------------
     0 | D:1      | Loup the Vine Stalker Assassin began the quest for the Orb.
     0 | D:1      | Reached XP level 1. HP: 11/11 MP: 2/2
   119 | D:1      | Reached skill level 5 in Stealth
   172 | D:1      | Reached XP level 2. HP: 11/15 MP: 3/3
   488 | D:2      | Reached XP level 3. HP: 9/18 MP: 2/4
   672 | D:2      | Found an ancient bone altar of Kikubaaqudgha.
   672 | D:2      | Found an oddly glowing altar of Pakellas.
  1101 | D:3      | Reached XP level 4. HP: 16/23 MP: 3/5
  1273 | D:3      | Noticed Grinder
  1278 | D:3      | Paralysed by Grinder for 4 turns
  1300 | D:3      | Killed from afar by Grinder

Vault maps used:
D:1:      dpeg_arrival_simpleton_b
D:2:      gammafunk_temple_overflow_elements, grunt_decor_arrowhead
D:3:      uniq_grinder

Skill      XL: |  1  2  3  4 |
---------------+-------------+-----
Short Blades   | 2 3 4 |  4.0
Stealth        | 5 |  5.0
Fighting       | |  1.7
Throwing       | |  1.7
Dodging        | |  0.7

Action                   |  1- 3 |  4- 6 || total
-------------------------+-------+-------++-------
Melee: Dagger            |    99 |    53 ||   152
       Bite              |    21 |    15 ||    36
  Use: Scroll            |       |     2 ||     2
 Stab: Sleeping          |     4 |     1 ||     5
  Eat: Chunk             |       |     1 ||     1
Armor: Robe              |     5 |       ||     5
       Ring mail         |     9 |       ||     9
       Scale mail        |    31 |    21 ||    52
Dodge: Dodged            |    38 |    19 ||    57
